 Dungeon Crawl Stone Soup version 0.17-a0-435-gc4df345 (webtiles) character file.

893 krae the Cleaver (level 7, -8/61 HPs)
             Began as a Deep Dwarf Berserker on Apr 4, 2015.
             Was a Believer of Trog.
             Mangled by a goliath beetle (16 damage)
             ... on level 6 of the Dungeon.
             The game lasted 00:18:55 (2332 turns).

krae the Cleaver (Deep Dwarf Berserker)             Turns: 2332, Time: 00:18:55

Health: -8/61      AC: 13    Str: 21    XL:     7   Next: 78%
Magic:  7/7        EV:  7    Int:  7    God:    Trog [**....]
Gold:   66         SH:  0    Dex: 14    Spells: 0 memorised, 6 levels left

rFire  . . .     SeeInvis .     e - -2 hand axe (curse)
rCold  . . .     Clarity  .     h - +1 plate armour
rNeg   . . .     SustAb   .     (no shield)
rPois  .         Gourm    .     (no helmet)
rElec  .         Spirit   .     l - +0 cloak
rCorr  +         Warding  .     (no gloves)
rMut   .         Rnd*Tele +     f - +0 pair of boots
MR     +....                    y - amulet of resist corrosion
Stlth  ..........               u - ring of teleportation (curse)
                                j - +2 ring of evasion

@: lethally poisoned (-8 -> -8), exhausted, non-regenerating, slowed, very
heavily drained, very slow, somewhat resistant to hostile enchantments,
extremely unstealthy
A: damage resistance, recharge devices, sense surroundings 1, slow healing 3
a: Device Recharging, Burn Spellbooks, Berserk, Trog's Hand, Renounce Religion,
Evoke Teleportation


You were on level 6 of the Dungeon.
You worshipped Trog.
Trog was pleased with you.
You were not hungry.

You visited 1 branch of the dungeon, and saw 7 of its levels.
You also visited: Sewer.

You collected 66 gold pieces.


Innate Abilities, Weirdness & Mutations

You are resistant to damage.
You can recharge devices by infusing magical energy.
You passively map a small area around you.
You do not heal naturally.


   Skills:
 - Level 2.6(0.0) Fighting
 + Level 10.2(6.7) Axes
 - Level 2.1(0.0) Armour
 - Level 2.1(0.0) Dodging


You had 6 spell levels left.
You didn't know any spells.

Inventory:

Hand weapons
 a - a +0 hand axe
 e - a cursed -2 hand axe (weapon)
 w - a +2 hand axe of chopping
Missiles
 k - 2 silver tomahawks (quivered)
 p - 2 throwing nets {=f}
Armour
 b - a +0 animal skin
 f - a +0 pair of boots (worn)
 h - a +1 plate armour (worn)
 l - a +0 cloak (worn)
 o - a +0 troll leather armour
 A - a +0 pair of gloves
 C - a +1 pair of gloves
Jewellery
 j - a +2 ring of evasion (left hand)
 m - a ring of stealth
 t - a ring of flight
 u - a cursed ring of teleportation (right hand)
 y - an amulet of resist corrosion (around neck)
Magical devices
 c - a wand of heal wounds (1) {!d@v2}
 v - a wand of slowing (0)
Scrolls
 z - a scroll of magic mapping
 B - 2 scrolls of enchant armour
Potions
 g - 3 potions of curing {@q1}
 n - a potion of restore abilities
 r - a potion of brilliance
 s - a potion of magic
 D - 3 potions of heal wounds {@q2}

Dungeon Overview and Level Annotations

Branches:
Dungeon (7/15)
 Temple: D:4-7

Altars:
Gozag
Okawaru
Qazlal
Ru
Xom

Annotations:
D:6 Zebura's ghost, experienced DrCj

###.....###.#.####†......###
,
..+.........................
###.....##########.#.#.#####
.....o...,,,,,,..#.#.....
##.....###* #.#.####### *
##.....#########.#.#
................)#.#
##.....)......Bo#.#
#.############g#.#### * *, *
#.............#
...###.##.#.##.# # #.#.# * ,
* #.# #* ,* #.#, ..# * ... ,
, ... * ***


You could see a goliath beetle and an orc wizard.


Message History

You barely miss the goliath beetle. You closely miss the orc.
The orc is severely wounded.
The orc hits you but does no damage.
Unknown command.
You barely miss the orc wizard.
The orc wizard is lightly wounded.
You hit the orc but do no damage.
The orc is severely wounded.
You barely miss the goliath beetle. The orc wizard closely misses you.
You barely miss the orc wizard.
The orc wizard is lightly wounded.
Your plate armour prevents you from hitting the goliath beetle.
You closely miss the orc.
The orc is severely wounded.
The orc wizard hits you with a dagger. The orc hits you but does no damage.
The goliath beetle barely misses you.
Unknown command.
You hit the goliath beetle but do no damage.
You hit the orc.
You kill the orc!
Trog accepts your kill.
You closely miss the orc wizard.
The orc wizard is lightly wounded.
You are no longer berserk.
You are exhausted.
You feel yourself slow down.
The orc wizard hits you but does no damage.
The orc wizard hits you but does no damage.
The goliath beetle bites you!
You die...

Action                   |  1- 3 |  4- 6 |  7- 9 || total
-------------------------+-------+-------+-------++-------
Melee: Hand axe          |    73 |   150 |   176 ||   399
Invok: Berserk           |     1 |     6 |     6 ||    13
       Trog's Hand       |       |     2 |     4 ||     6
Evoke: Wand              |     1 |       |     6 ||     7
  Use: Scroll            |       |     7 |     5 ||    12
       Potion            |       |       |     2 ||     2
  Eat: Chunk             |       |     8 |     7 ||    15
       Bread ration      |       |       |     1 ||     1
       Royal jelly       |       |       |     1 ||     1

Vault maps used:
D:1:      dpeg_arrival_leaves_temple_mockup, serial_bayou_pond_d,
          kennysheep_decorative_pillar
D:2:      first_bread
D:3:      minmay_crystal_room
D:4:      gammafunk_temple_overflow_statue, nicolae_ru_awakened_eye,
          lemuel_tele_altar
D:6:      gup_sewer_entry_bowl, grunt_gozag_breadcrumbs, uniq_blork_the_orc
D:7:      grunt_temple_overflow_lords_of_destruction,
          minmay_temple_entry_statues_pillars
Sewer:    sewer_kobolds

Notes
Turn   | Place    | Note
--------------------------------------------------------------
     0 | D:1      | krae, the Deep Dwarf Berserker, began the quest for the Orb.
     0 | D:1      | Reached XP level 1. HP: 20/20 MP: 1/1
   213 | D:1      | Reached XP level 2. HP: 22/27 MP: 2/2
   244 | D:2      | Reached skill level 4 in Axes
   471 | D:4      | Found a shimmering altar of Xom.
   472 | D:4      | Found a stormy altar of Qazlal.
   504 | D:4      | Reached skill level 5 in Axes
   504 | D:4      | Reached XP level 3. HP: 4/33 MP: 3/3
   554 | D:4      | Found a sacrificial altar of Ru.
   561 | D:4      | Reached XP level 4. HP: 26/40 MP: 4/4
   630 | D:4      | Reached skill level 6 in Axes
   642 | D:5      | Entered Level 5 of the Dungeon
   653 | D:5      | Noticed a water moccasin
   664 | D:5      | Killed a water moccasin
   664 | D:5      | Reached skill level 7 in Axes
   664 | D:5      | Reached XP level 5. HP: 23/46 MP: 5/5
   777 | D:4      | Found an iron altar of Okawaru.
   789 | D:4      | Reached XP level 6. HP: 28/55 MP: 6/6
   856 | D:3      | Acquired Trog's second power
   898 | D:3      | Noticed an ogre
   907 | D:3      | Killed an ogre
   907 | D:3      | Reached skill level 8 in Axes
  1395 | D:5      | Noticed a centaur
  1408 | D:5      | Killed a centaur
  1408 | D:5      | Reached XP level 7. HP: 54/61 MP: 7/7
  1589 | D:6      | Found an opulent altar of Gozag.
  1636 | D:6      | Reached skill level 9 in Axes
  1731 | D:6      | Found a glowing drain.
  1735 | Sewer    | Entered a sewer
  1839 | Sewer    | Found a white marble altar of Elyvilon.
  2003 | D:6      | Noticed Blork the orc
  2044 | D:6      | Killed Blork the orc
  2117 | D:6      | Noticed Zebura's ghost (experienced DrCj)
  2267 | D:6      | Reached skill level 10 in Axes
  2332 | D:6      | Mangled by a goliath beetle

Vanquished Creatures
  A water moccasin (D:5)
  A centaur (D:5)
  An ogre (D:3)
  Blork the orc (D:6)
  A big kobold (Sewer)
  A goliath beetle (D:6)
  2 orc wizards
  A jelly (D:6)
  2 hounds (D:4)
  3 iguanas
  An orc priest (D:4)
  2 worker ants (D:6)
  A hound skeleton (D:4)
  A worker ant zombie (D:5)
  4 adders
  A river rat (Sewer)
  3 worms
  A giant gecko (D:6)
  6 orcs
  6 goblins
  5 hobgoblins
  11 jackals
  4 kobolds
  5 bats
  3 giant cockroaches
  A giant newt (D:4)
  6 rats
75 creatures vanquished.
